Potato, chaotic male vampiric Wizard ----- |<..--- |.....---- --..|...)|.- --.|-.....---- --|.........|--- ----.|[)..|..--- -----).|....| |..|...... --.%....-- |........ -|- ------....------- --- --.---...-|...-|..|..| |.. -...| . |..|-.........|..--|.. ..| ....--....| |..-.........).%...-.---.-----..-|....... -----.....{....----.........@@%..)[...`... |..............-- --+--.---------......... -+-----.........| |.|.(((| --.......- --..------- |.-..((| ---...-.. ---- --|..((| - ------ Potato the Thaumaturge Experience level: 7 Strength: 8 Dexterity: 3 Constitution: 15 Intelligence: 18 Wisdom: 9 Charisma: 15 Health: 0(59) Energy: 75(75) AC: 4 Gold: 40 Moves: 3157 Your Inventory: Coins $ - 40 gold pieces Weapons a - a blessed +1 quarterstaff t - a [blessed] fireproof +2 thirsty quarterstaff (weapon in hands) A - 10 [uncursed +0] darts B - 5 [uncursed +0] arrows M - a [cursed +0] sling [of hunger] T - 6 [cursed +0] darts Armor b - an uncursed burnt +0 cloak of magic resistance z - an [uncursed] +0 pair of jumping boots (being worn) Y - an [uncursed] +0 elven mithril-coat (being worn) Comestibles X - an [uncursed] food ration Spellbooks l - a blessed spellbook of force bolt Potions f - a potion of holy water g - an uncursed potion of invisibility p - 2 [uncursed] swirly potions [of object detection] Rings d - an uncursed ring of polymorph e - an uncursed ring of see invisible Wands c - an uncursed wand of light (0:11) o - an [uncursed] wand of create monster [0:14] H - an [uncursed] tin wand [of magic missile (0:7)] Tools i - an [uncursed] key [skeleton key] j - an [uncursed oil] lamp (lit) k - 5 [uncursed tallow] candles u - an [uncursed] key [skeleton key] I - an [uncursed +0] pick-axe J - an [uncursed] key [skeleton key] Gems N - an [uncursed] white gem [worthless glass] O - an [uncursed] yellow gem [worthless glass] P - an [uncursed] orange gem [worthless glass] Q - 2 [uncursed] yellow gems [citrine] U - an [uncursed] black gem [worthless glass] Spells known in the end: Name Level Category Fail Memory a - force bolt 1 attack 40% [|||||||.] b - slow monster 2 enchantment 40% [|||||||.] Your skills at the end: Fighting Skills Weapon Skills quarterstaff [Basic / Expert] Spellcasting Skills attack spells [Basic / Expert] enchantment spells [Basic / Skilled] Final Attributes: You were piously aligned. Hunger level was 98. Your alignment was 25 / 25. Monster difficulty range was 1 - 7. Level difficulty was 7. You were immune to level-drain. You could jump. You could fly. You could survive without air. You regenerated. Your luck was zero. You are dead. Vanquished creatures: 2 small mimics a tengu an iron piercer an ice vortex a dog a blue jelly a mountain nymph an orc shaman 3 rock piercers an enormous rat 2 rock moles a pony 8 gnome lords a gnomish wizard a ghoul a giant ant 2 floating eyes 7 dwarves a kobold lord a rothe a centipede 3 iguanas 3 killer bees 3 coyotes 3 hobbits 2 large kobolds a giant rat 3 cave spiders a brown mold 2 yellow molds a green mold 27 gnomes a gnome zombie 2 geckos 8 jackals a fox a goblin a sewer rat a grid bug a kobold zombie 3 newts 107 creatures vanquished. Voluntary challenges: You used a wielded weapon 101 times. You read items or engraved 3 times. You put on armor 3 times. You never genocided any monsters. You never polymorphed an object. You never changed form. You used no wishes. You never wrote Elbereth's name. You never encountered a bones level. You never used any Sokoban shortcuts. Dungeon overview: The Dungeons of Doom: levels 1 to 4 Level 1 a long staircase Level 2 a general store, an altar to Anhur, a sink Level 3 an armor shop, an altar, some fountains Level 4 an armor shop stairs to The Gnomish Mines The Gnomish Mines: levels 5 to 7 Level 5 stairs to The Dungeons of Doom Level 7 <- You were here a lighting shop, a fountain History has recorded: On T:1 you entered the Dungeons of Doom to retrieve the Amulet of Yendor! On T:306 you reached level 2 of The Dungeons of Doom. On T:356 you advanced to experience level 2. On T:390 you advanced to experience level 3. On T:434 you received a fireproof thirsty quarterstaff from Anhur. On T:519 you reached level 3 of The Dungeons of Doom. On T:920 you reached level 4 of The Dungeons of Doom. On T:1206 you advanced to experience level 4. On T:1315 you advanced to experience level 5. On T:1473 you reached level 1 of The Gnomish Mines. On T:1511 you advanced to experience level 6. On T:1971 you reached level 2 of The Gnomish Mines. On T:2066 you advanced to experience level 7. On T:2897 you reached level 3 of The Gnomish Mines. Latest messages: [HP-6=32] The thirsty quarterstaff draws the life from the Green-elf! You feel more confident in your weapon skills. You bite the Green-elf. The Green-elf swings her runed broadsword. The Green-elf hits! [HP-8=24] You miss the Green-elf. You bite the Green-elf. The Green-elf swings her runed broadsword. The Green-elf hits! [HP-7=17] The thirsty quarterstaff draws the life from the Green-elf! You miss the Green-elf. The Green-elf swings her runed broadsword. The Green-elf hits! [HP-7=10] You begin praying to Anhur. The Green-elf swings her runed broadsword. The Green-elf hits! You die... Final status: Goodbye Potato the Wizard... You died in The Gnomish Mines on dungeon level 7 with 1706 points, and 40 pieces of gold, after 3157 moves. You were level 7 with a maximum of 59 hit points when you died.